 Dungeon Crawl Stone Soup version 0.31-a0-881-ge136f0c47a (webtiles) character file.

Game seed: 9984112669468383426

50034 D12ThenQuit the Martial Artist (level 14, 0/108 HPs)
             Began as an Octopode Fighter on Oct 16, 2023.
             Was an Elder of Okawaru.
             Killed from afar by a wretched star (32 damage)
             ... with a lance of force
             ... in a Gauntlet.
             The game lasted 01:25:23 (24342 turns).

D12ThenQuit the Martial Artist (Octopode Fighter)  Turns: 24342, Time: 01:25:24

Health: 0/108      AC:  1    Str: 21    XL:     14   Next: 53%
Magic:  15/19      EV: 19    Int: 15    God:    Okawaru [****..]
Gold:   1823       SH: 13    Dex: 20    Spells: 10/13 levels left

rFire   . .          .
                       - Unarmed
rCold   . . .        D - +0 kite shield
rNeg    + . .        (helmet restricted)
rPois   +            (no amulet)
rElec   .            d - +6 ring of intelligence
rCorr   .            v - ring of positive energy
SInv    +            C - ring of wizardry
Will    +....        G - ring of flight
Stlth   ++++         K - +6 ring of strength
HPRegen 0.38/turn    L - ring of see invisible
MPRegen 0.16/turn    (no ring)
                     (no ring)

%: no teleportation, wizardry (x1)
@: finesse-ful, flying, studying Long Blades
A: almost no armour, amphibious, 8 rings, camouflage 1, gelatinous body 1,
(nimble swimmer 1), tentacles, agile 1, poison resistance, robust 1, [inability
to drink after injury 2]
a: Renounce Religion, Heroism, Finesse


You were in a Gauntlet.
You worshipped Okawaru.
Okawaru was greatly pleased with you.
You visited 4 branches of the dungeon, and saw 21 of its levels.
You also visited: Gauntlet, Ice Cave and Volcano.

You collected 1823 gold pieces.

Inventory:

Hand Weapons
 b - a +0 sling
Missiles
 p - a throwing net
 u - 5 curare-tipped darts (quivered)
 A - 15 poisoned darts
Armour
 a - a +0 buckler
 D - a +0 kite shield (worn)
Magical Staves
 i - a staff of conjuration
 x - a staff of fire
Jewellery
 d - a +6 ring of intelligence (left tentacle)
 v - a ring of positive energy (right tentacle)
 C - a ring of wizardry (on tentacle)
 G - a ring of flight (on tentacle)
 K - a +6 ring of strength (on tentacle)
 L - a ring of see invisible (on tentacle)
Talismans
 y - a serpent talisman
Wands
 c - a wand of iceblast (5)
 l - a wand of quicksilver (4)
 o - a wand of paralysis (8)
 s - a wand of digging (3)
 t - a wand of mindburst (14)
Scrolls
 f - 2 scrolls of teleportation
 h - a scroll of immolation
 k - a scroll of fear
 n - a scroll of blinking
 q - a scroll of fog
 B - 2 scrolls of vulnerability
 F - a scroll of amnesia {unknown}
 H - a scroll of silence
 J - 2 scrolls of torment {unknown}
Potions
 e - a potion of curing
 g - 3 potions of cancellation
 j - a potion of heal wounds
 m - 2 potions of might
 r - a potion of haste
 w - a potion of brilliance
 z - 2 potions of enlightenment {unknown}
 E - a potion of degeneration {unknown}
 I - a potion of magic {unknown}
 M - a potion of lignification {unknown}
 N - a potion of mutation


   Skills:
 + Level 10.1 Fighting
 + Level 10.1 Dodging
 - Level 5.0 Stealth
 + Level 12.5 Shields
 * Level 14.4 Unarmed Combat
 - Level 5.0 Ice Magic
 * Level 7.6 Invocations
 - Level 5.0 Evocations


You had 10 spell levels left.
You knew the following spells:

 Your Spells              Type           Power      Damage    Failure   Level
b - Ozocubu's Armour      Ice            15%        N/A       7%          3

Your spell library contained the following spells:

 Spells                   Type           Power      Damage    Failure   Level
 Apportation              Tloc           0%         N/A       17%         1
 Jinxbite                 Hex            0%         N/A       26%         2
 Lesser Beckoning         Tloc           0%         N/A       26%         2
 Gell's Gravitas          Tloc           0%         N/A       45%         3
 Teleport Other           Tloc           0%         N/A       45%         3
 Dimensional Bullseye     Hex/Tloc       0%         N/A       85%         4
 Iskenderun's Mystic Bla  Conj/Tloc      0%         2d3       85%         4
 Alistair's Intoxication  Tmut/Pois      0%         N/A       99%         5
 Ozocubu's Refrigeration  Ice            7%         4d9       100%        7
 Tukima's Dance           Hex            Unusable   N/A       N/A         3

Dungeon Overview and Level Annotations

Branches:
Dungeon (13/15)            Temple (1/1) D:5            Lair (5/5) D:9
 Shoals (0/4) Lair:2        Slime (0/5) Lair:4          Orc (2/2) D:9
    Elf (0/3) Orc:2         IceCv (visited)         Volcano (visited)
Gauntlet (1/1)
  Snake: Lair:2-3    Spider: Lair:2-3    Vaults: D:13-14

Altars:
Ashenzari
Cheibriados
Dithmenos
Elyvilon
Fedhas
Gozag
Hepliaklqana
Kikubaaqudgha
Makhleb
Nemelex Xobeh
Okawaru
Qazlal
Ru
Sif Muna
Trog
Uskayaw
Vehumet
Wu Jian
Xom
Yredelemnul
Zin
The Shining One
Jiyva

Shops:
D:13 [

Portals:
Trove: D:12 (give 2 scrolls of acquirement)

Annotations:
D:5 1 runed translucent door, wtrnl's ghost, novice OpSh
D:8 2 exclusions
Lair:1 exclusion: oklob plant
Lair:2 exclusion: oklob plant
Lair:4 2 transporters, exclusion: 2 hydras
Orc:1 1 runed translucent door Gauntlet 9 transporters, exclusion: lightning spire


Innate Abilities, Weirdness & Mutations

You cannot wear most types of armour.
You are amphibious.
You can wear up to eight rings at the same time.
Your skin changes colour to match your surroundings (Stealth+).
Your rubbery body absorbs attacks. (AC +1, EV +1)
((You are camouflaged when in or above water. (Stealth+)))
You have tentacles for arms and can constrict up to eight enemies at once.
You are agile. (Dex +4, Str/Int -1)
Your system is resistant to poisons. (rPois)
You are robust. (+10% HP)
[You sometimes lose the ability to drink potions when taking damage.]


Message History

You hear a bark!
You tentacle-slap the wretched star.
The wretched star is moderately damaged.
The wretched star glows turbulently.
The lance of force hits you!
You are knocked back by the lance of force.
You slam into the translucent stone wall!
You tentacle-slap the wretched star.
Your tentacle-slap misses the wretched star.
You squeeze the wretched star, but do no damage.
The wretched star is moderately damaged.
You closely miss the wretched star.
The wretched star is moderately damaged.
You tentacle-slap the wretched star but do no damage.
You tentacle-slap the wretched star.
The wretched star is heavily damaged.
You closely miss the wretched star. You squeeze the wretched star!
The wretched star is severely damaged.
You tentacle-slap the wretched star but do no damage.
The wretched star is severely damaged.
You tentacle-slap the wretched star.
Your tentacle-slap misses the wretched star.
The wretched star is severely damaged.
You bludgeon the wretched star! You squeeze the wretched star!
The wretched star is almost destroyed.
The wretched star glows turbulently.
The lance of force hits you!!
You are knocked back by the lance of force.
You slam into the translucent stone wall!
* * * LOW HITPOINT WARNING * * *
You tentacle-slap the wretched star.
The wretched star is almost destroyed.
You tentacle-slap the wretched star but do no damage.
You squeeze the wretched star.
The wretched star is almost destroyed.
You closely miss the wretched star.
The wretched star is almost destroyed.
The wretched star glows turbulently.
The lance of force hits you!!
You die...

## ##.#..##...#.##
##≈###..#h..##h8#.≈##
#≈≈≈#...#########.≈≈#
###...#...#8..©#....≈##
......#.8.#©...#.8..##
###.8.#.⌠.#8..©#....≈##
....©.#.8.#########.≈≈#
#.#.8.#...#.*x#©!:#.≈##
# #.©.#...#@#.###.#.##
#.8.#.8.#.#...#.#.≈##
#.©.#.∩.#.###.#.#.≈≈#
#.8.#.8.#^.^#.#.#.≈## #
#.©.#...###.#.#.#.##
#.#.8.#...#©.^#...#.≈##
....©.#.8.#########.≈≈#
###.8.#.⌠.#8..©#....≈##
......#.8.#©...#.8..##


You could see a wretched star, 2 raiju, a small abomination and a lightning
spire.

Vanquished Creatures
  2 orc warlords
  A hydra (Lair:5)
  3 two-headed ogres
  Erica (D:8)
  A catoblepas (Lair:3)
  A boulder beetle (D:12)
  A tengu warrior (D:13)
  Sonja (D:11)
  3 harpies (Lair:2)
  An orc knight (Orc:1)
  An orc sorcerer (Orc:1)
  3 cyclopes
  2 manticores
  2 torpor snails
  Joseph (D:7)
  An eye of devastation (Gauntlet)
  4 black mambas
  2 cane toads
  3 gargoyles (D:12)
  An unseen horror (D:12)
  Maggie (D:6)
  Psyche (D:8)
  9 rime drakes
  8 komodo dragons
  3 trolls
  2 polar bears (Lair:3)
  A hornet (D:8)
  23 blink frogs
  Grinder (D:6)
  A raiju (Lair:5)
  13 dream sheep
  5 slime creatures
  3 vampires
  69 yaks
  A spriggan (Lair:5)
  A wyvern (Lair:1)
  3 wraiths
  A basilisk (Lair:3)
  2 shadows (D:9)
  2 fire elementals (Volcano)
  A golden eye (Gauntlet)
  3 vampire mosquitoes (D:11)
  5 wargs
  An acid dragon (D:10)
  9 water moccasins
  3 hell hounds
  A floating eye (Gauntlet)
  12 orc warriors
  A black bear (Lair:4)
  5 ice beasts
  A boggart (Gauntlet)
  2 ogres
  6 centaurs
  A phantom (D:5)
  A kobold brigand (D:8)
  9 bullfrogs
  A gnoll sergeant (D:8)
  2 scorpions
  A two-headed ogre simulacrum (IceCv)
  6 wights
  4 jellies
  An elephant simulacrum (IceCv)
  18 killer bees
  8 howler monkeys
  2 small abominations (Lair:5)
  A gnoll bouda (Orc:1)
  15 orc priests
  3 hounds
  A sleepcap (D:8)
  Natasha (thrice) (D:3)
  19 orc wizards
  A polar bear simulacrum (IceCv)
  Robin (D:3)
  17 gnolls
  3 adders
  6 white imps
  2 ufetubi (IceCv)
  A worm (D:3)
  64 orcs
  8 ball pythons
  5 bats
  4 endoplasms
  4 giant cockroaches
  15 goblins
  7 hobgoblins
  3 quokkas
  2 frilled lizards (D:1)
  11 kobolds
  10 rats
495 creatures vanquished.

Notes
Turn   | Place    | Note
-------+----------+-------------------------------------------
     0 | D:1      | D12ThenQuit the Octopode Fighter began the quest for the
                  | Orb.
     0 | D:1      | Reached XP level 1. HP: 16/16 MP: 1/1
   193 | D:1      | Reached XP level 2. HP: 20/21 MP: 2/2
   351 | D:1      | Reached skill level 3 in Unarmed Combat
   842 | D:1      | Reached XP level 3. HP: 24/26 MP: 3/3
  1379 | D:2      | Found a sparkling altar of Nemelex Xobeh.
  1671 | D:2      | Found a faded altar of an unknown god.
  1781 | D:2      | Reached skill level 4 in Unarmed Combat
  1851 | D:2      | Reached skill level 1 in Stealth
  1851 | D:2      | Reached XP level 4. HP: 31/31 MP: 4/4
  1873 | D:3      | Noticed a phantom
  2292 | D:3      | Noticed Natasha
  2726 | D:3      | Noticed Robin
  2728 | D:3      | Reached XP level 5. HP: 36/36 MP: 5/5
  2749 | D:3      | Killed Robin
  3185 | D:4      | Found a shadowy altar of Dithmenos.
  3354 | D:4      | Reached skill level 5 in Unarmed Combat
  3354 | D:4      | Reached XP level 6. HP: 42/42 MP: 6/6
  3699 | D:5      | Entered Level 5 of the Dungeon
  3862 | D:5      | Found a shimmering altar of Xom.
  3872 | D:5      | Found a staircase to the Ecumenical Temple.
  3947 | Temple   | Entered the Ecumenical Temple
  3977 | Temple   | Became a worshipper of Warmaster Okawaru
  4115 | D:5      | Reached skill level 5 in Stealth
  4324 | D:5      | Noticed an ice beast
  4507 | D:5      | Noticed an ice beast
  4596 | D:5      | Found a runed translucent door.
  4596 | D:5      | Noticed wtrnl's ghost (novice OpSh)
  4738 | D:5      | Noticed an ice beast
  4806 | D:6      | Noticed an ice beast
  4936 | D:6      | Reached XP level 7. HP: 46/46 MP: 7/7
  4955 | D:6      | Reached skill level 6 in Unarmed Combat
  5645 | D:6      | Noticed Grinder
  5651 | D:6      | Reached skill level 1 in Invocations
  5658 | D:6      | Killed Grinder
  5658 | D:6      | Reached * piety under Okawaru
  5659 | D:6      | Reached XP level 8. HP: 53/53 MP: 7/11
  6239 | D:7      | Noticed Joseph
  6254 | D:7      | Killed Joseph
  6255 | D:7      | Reached skill level 7 in Unarmed Combat
  6255 | D:7      | Reached skill level 1 in Evocations
  6384 | D:7      | Reached ** piety under Okawaru
  6400 | D:7      | Reached XP level 9. HP: 50/59 MP: 12/12
  6735 | D:6      | Noticed Maggie
  6743 | D:6      | Killed Maggie
  7022 | D:6      | Reached skill level 5 in Dodging
  7483 | D:5      | Reached skill level 5 in Fighting
  7483 | D:5      | Reached skill level 8 in Unarmed Combat
  7610 | D:8      | Noticed a rime drake
  7610 | D:8      | Noticed a rime drake
  7611 | D:8      | Noticed a rime drake
  7611 | D:8      | Noticed a rime drake
  7613 | D:8      | Found the +4 skin of Zhor {*Englaciate rC+++ SInv}
  7679 | D:8      | Noticed Psyche
  7698 | D:8      | Noticed a rime drake
  7749 | D:8      | Reached skill level 5 in Shields
  8008 | D:8      | Noticed a hornet
  8014 | D:8      | Paralysed by a hornet for 2 turns
  8016 | D:8      | Killed a hornet
  8016 | D:8      | Noticed Erica
  8220 | D:8      | Killed Psyche
  8354 | D:9      | Identified the +8 chain mail of the Hart {rCorr Dex+4
                  | Slay+3}
  8389 | D:9      | Reached XP level 10. HP: 67/67 MP: 10/13
  8419 | D:9      | Reached skill level 9 in Unarmed Combat
  8725 | D:9      | Reached *** piety under Okawaru
  8769 | D:9      | Found a sacrificial altar of Ru.
  9127 | D:9      | Reached skill level 5 in Evocations
  9240 | D:10     | Entered Level 10 of the Dungeon
  9342 | D:10     | Reached skill level 10 in Unarmed Combat
 10031 | D:11     | Noticed Sonja
 10036 | D:11     | Killed Sonja
 10037 | D:11     | Reached XP level 11. HP: 21/74 MP: 14/14
 10491 | D:8      | Killed Erica
 10993 | D:8      | Found a hazy altar of Hepliaklqana.
 11194 | D:8      | Noticed a two-headed ogre
 11238 | D:8      | Killed a two-headed ogre
 11238 | D:8      | Reached **** piety under Okawaru
 11582 | D:3      | Killed Natasha
 11629 | D:3      | Noticed Natasha
 11636 | D:3      | Killed Natasha
 11648 | D:3      | Noticed Natasha
 11668 | D:3      | Killed Natasha
 11669 | D:3      | Reached skill level 11 in Unarmed Combat
 12142 | D:9      | Reached ***** piety under Okawaru
 12209 | D:9      | Noticed a two-headed ogre
 12323 | D:9      | Killed a two-headed ogre
 12348 | D:9      | Found a staircase to the Lair.
 12421 | D:9      | Found a staircase to the Orcish Mines.
 12608 | D:9      | Received a gift from Okawaru
 12823 | Lair:1   | Entered Level 1 of the Lair of Beasts
 12916 | Lair:1   | Found a dark tunnel.
 13013 | Volcano  | Entered a volcano
 13182 | Volcano  | Noticed a deep elf pyromancer
 13184 | Volcano  | Noticed a deep elf pyromancer
 13215 | Volcano  | Noticed a deep elf pyromancer
 13216 | Volcano  | Noticed a deep elf pyromancer
 13218 | Volcano  | Gained mutation: You do not regenerate when monsters are
                  | visible. [potion of mutation]
 13219 | Volcano  | Lost mutation: You do not regenerate when monsters are
                  | visible. [potion of mutation]
 13219 | Volcano  | Gained mutation: You are robust. (+10% HP) [potion of
                  | mutation]
 13219 | Volcano  | Gained mutation: Your system is resistant to poisons.
                  | (rPois) [potion of mutation]
 13219 | Volcano  | Gained mutation: You are agile. (Dex +4, Str/Int -1)
                  | [potion of mutation]
 13270 | Lair:1   | Noticed an oklob plant
 13355 | Lair:1   | Reached skill level 5 in Invocations
 13355 | Lair:1   | Reached XP level 12. HP: 73/90 MP: 15/15
 13548 | Lair:1   | Reached skill level 12 in Unarmed Combat
 14467 | Lair:2   | Found a staircase to the Shoals.
 15109 | Lair:2   | Found a blossoming altar of Fedhas.
 15368 | Lair:2   | Noticed a six-headed hydra
 15395 | Lair:2   | Noticed a six-headed hydra
 15654 | Lair:3   | Reached skill level 13 in Unarmed Combat
 15964 | Lair:3   | Reached XP level 13. HP: 81/99 MP: 18/18
 16012 | Lair:3   | Found a frozen archway.
 16035 | IceCv    | Entered an ice cave
 16190 | IceCv    | Learned a level 3 spell: Ozocubu's Armour
 16342 | Lair:3   | Received a gift from Okawaru
 16527 | Lair:3   | Identified the +11 spear of the Lachrymose God {venom,
                  | *Slow Will++ Dex+5}
 16711 | Lair:3   | Reached skill level 1 in Ice Magic
 17177 | Lair:4   | Found a staircase to the Slime Pits.
 17178 | Lair:4   | Found a viscous altar of Jiyva.
 17415 | Lair:4   | Reached skill level 5 in Ice Magic
 17612 | Lair:4   | Found a transporter.
 17614 | Lair:4   | Found a transporter.
 17709 | Lair:4   | Reached skill level 10 in Shields
 18112 | Lair:4   | You are sucked into a shaft and drop 1 floor!
 18112 | Lair:5   | Entered Level 5 of the Lair of Beasts
 18641 | Lair:5   | Received a gift from Okawaru
 19886 | D:11     | Reached XP level 14. HP: 88/106 MP: 19/19
 20319 | D:12     | Received a gift from Okawaru
 20710 | D:13     | Found Nysim's Armour Boutique.
 21059 | D:12     | Found a portal to a secret trove of treasure.
 21712 | D:12     | Reached skill level 14 in Unarmed Combat
 22676 | Orc:1    | Entered Level 1 of the Orcish Mines
 22816 | Orc:1    | Noticed an orc warlord
 22832 | Orc:1    | Killed an orc warlord
 22833 | Orc:1    | Reached skill level 10 in Dodging
 23092 | Orc:1    | Reached skill level 10 in Fighting
 23385 | Orc:1    | Received a gift from Okawaru
 23683 | Orc:1    | Found a runed translucent door.
 23685 | Orc:1    | Noticed a balrug
 23812 | Orc:2    | Entered Level 2 of the Orcish Mines
 23920 | Orc:2    | Noticed an orc warlord
 23961 | Orc:2    | Killed an orc warlord
 24030 | Orc:2    | Found a staircase to the Elven Halls.
 24032 | Orc:2    | Found a gate leading to a gauntlet.
 24048 | Gauntlet | Entered a Gauntlet
 24048 | Gauntlet | Found a transporter.
 24052 | Gauntlet | Found a transporter.
 24056 | Gauntlet | Found a transporter.
 24067 | Gauntlet | Found a transporter.
 24068 | Gauntlet | Found a transporter.
 24079 | Gauntlet | Found a transporter.
 24080 | Gauntlet | Found a transporter.
 24089 | Gauntlet | Found a transporter.
 24093 | Gauntlet | Found a transporter.
 24101 | Gauntlet | Found a transporter.
 24131 | Gauntlet | Found a transporter.
 24143 | Gauntlet | Found a transporter.
 24147 | Gauntlet | Found a runed translucent door.
 24156 | Gauntlet | Found a transporter.
 24169 | Gauntlet | Found a transporter.
 24342 | Gauntlet | Killed from afar by a wretched star

Illustrated notes

Levels and vault maps discovered:
D:1:      doesnt_arrival_eight_statues, layout_loops_corners,
          minmay_pentomino_r2
D:2:      layout_loops_cross, basic_altar, shapermc_ecumenical_altar_ellora
D:3:      layout_rooms, uniq_robin, uniq_natasha
D:4:      layout_basic, grunt_dithmenos_smoke
D:5:      layout_rooms, general_overflow_altar, minmay_temple_entry_glass,
          gammafunk_ghost_grave
D:6:      layout_loops_corners, minmay_misc_feat_chi, uniq_maggie, uniq_grinder
D:7:      layout_loops_ring, uniq_joseph
D:8:      layout_loops_ring, mainiacjoe_overflow_cross_hatched,
          hellmonk_guarded_unrand_zhor, uniq_erica, uniq_psyche
D:9:      layout_basic, mainiacjoe_overflow_paths, erik_lair_orcish_takeover,
          orc_0_dummy
D:10:     hellmonk_destroyed_diamonds, layout_rooms
D:11:     layout_rooms, corexii_hall_statues_i, uniq_sonja
D:12:     layout_grid_maze, enter_trove_1
D:13:     nzn_winding_woodlands_cross [nzn_winding_woodlands_5x15_twine,
          nzn_winding_woodlands_5x15_sawtooth,
          nzn_winding_woodlands_5x15_parted, nzn_winding_woodlands_5x15_default,
          nzn_winding_woodlands_15x15_killbox], layout_small_grid,
          skrybe_vaults_entry_preservation, serial_shops, kennysheep_mini_moat
Temple:   mainiacjoe_temple_bowtie_tessellation
Lair:1:   layout_gridlike, enter_volcano_3
Lair:2:   layout_regular_city, nicolae_shoals_entry_roost, dummy_spider_entry,
          tgw_fedhas
Lair:3:   layout_concentric_octagons, portal_ice_cave_entry_pillars_2
Lair:4:   gammafunk_boulding_lane, layout_regular_city,
          minmay_slime_entry_pillars, grunt_megastairs_1, serial_bayou_shore_a
Lair:5:   hellmonk_lair_end_abyssal_woods, layout_layer_cave, grunt_megastairs_5
Orc:1:    dreamdust_dug_too_deep, layout_caves
Orc:2:    st_orc_congregation, layout_caves, gauntlet_entry_generic
Gauntlet: gammafunk_gauntlet_77_escape_option
          [minmay_gauntlet_arena_77_p_blocks, minmay_gauntlet_arena_77_squiggly,
          minmay_gauntlet_arena_77_path, minmay_gauntlet_arena_77_two_lines,
          minmay_gauntlet_arena_77_terracotta_army,
          nicolae_gauntlet_exit_dead_adventurers]

Skill      XL: |  1  2  3  4  5  6  7  8  9 10 11 12 13 14 |
---------------+-------------------------------------------+-----
Unarmed Combat | 3 4 5 6 7 8 10 11 13 14 | 14.4
Stealth        | 1 2 4 5 |  5.0
Invocations    | 4 5 6 7 |  7.6
Fighting       | 4 5 6 8 9 10 | 10.1
Dodging        | 4 5 6 8 9 10 | 10.1
Shields        | 4 5 6 8 9 12 | 12.5
Evocations     | 2 4 5 |  5.0
Ice Magic      | 5 |  5.0

Action                     |  1- 3 |  4- 6 |  7- 9 | 10-12 | 13-15 || total
---------------------------+-------+-------+-------+-------+-------++-------
  Melee: Unarmed           |    80 |    94 |   155 |   499 |   663 ||  1491
         Constrict         |    18 |    28 |    26 |    65 |    81 ||   218
         Tentacles         |    13 |    23 |    42 |   140 |   195 ||   413
         Punch             |     1 |     1 |    11 |    63 |    88 ||   164
   Fire: Sling             |       |    30 |    18 |    14 |       ||    62
  Throw: Dart              |       |    11 |    11 |    48 |     8 ||    78
         Throwing net      |       |       |     1 |       |       ||     1
   Cast: Ozocubu's Armour  |       |       |       |       |    30 ||    30
 Invoke: Heroism           |       |       |     8 |    18 |    14 ||    40
         Finesse           |       |       |       |       |     3 ||     3
  Evoke: Wand              |       |       |     4 |     8 |     3 ||    15
    Use: Scroll            |       |     7 |     2 |     4 |    11 ||    24
         Potion            |       |     2 |     3 |     6 |     6 ||    17
   Stab: Sleeping          |    10 |     7 |     2 |     7 |    10 ||    36
         Distracted        |       |     1 |       |     2 |       ||     3
         Paralysed         |       |       |     9 |       |       ||     9
 Armour: Skin              |    24 |    40 |    65 |   158 |   183 ||   470
  Dodge: Dodged            |    35 |    41 |    82 |   233 |   228 ||   619
  Block: Buckler           |    14 |    19 |    28 |    55 |       ||   116
         Kite shield       |       |       |       |   113 |   310 ||   423

Table legend: (Time is in decaauts)
 A = Elapsed time spent in this place.
 B = Non-inter-level travel time spent in this place.
 C = Inter-level travel time spent in this place.
 D = Time resting spent in this place.
 E = Time spent auto-exploring this place.
 F = Levels seen in this place.
 G = Mean time per level.
                   A        B        C        D        E       F      G
               +--------+--------+--------+--------+--------+-----+--------+
         Total |  24121 |  22164 |   1957 |   5857 |   7249 |  24 | 1005.0 |
       Dungeon |  16018 |  14304 |   1714 |   3465 |   4929 |  13 | 1232.2 |
        Temple |     55 |     18 |     37 |      0 |      0 |   1 |   55.0 |
          Lair |   6038 |   5856 |    182 |   1868 |   1690 |   5 | 1207.6 |
  Orcish Mines |   1323 |   1300 |     23 |    259 |    495 |   2 |  661.5 |
      Ice Cave |    174 |    174 |      0 |     49 |      0 |   1 |  174.0 |
       Volcano |    226 |    226 |      0 |    153 |      0 |   1 |  226.0 |
      Gauntlet |    285 |    285 |      0 |     63 |    135 |   1 |  285.0 |
               +--------+--------+--------+--------+--------+-----+--------+

Top non-repeatable levels by time:
     D:9: 2020 daAuts
    D:12: 1930 daAuts
     D:8: 1767 daAuts
  Lair:4: 1752 daAuts
     D:1: 1528 daAuts
     D:6: 1517 daAuts
  Lair:1: 1429 daAuts
  Lair:2: 1346 daAuts
     D:5: 1174 daAuts
     D:7: 1153 daAuts
   Orc:1: 1134 daAuts
  Lair:3: 1124 daAuts
     D:2: 1000 daAuts
     D:4: 999 daAuts
    D:10: 934 daAuts
